 Dungeon Crawl Stone Soup version 0.30-a0-51-g784eafce7f (webtiles) character file.

Game seed: 5406722920361664739

8 BritishOli the Trooper (level 2, 24/24 HPs)
             Began as a Demonspawn Fighter on Sept 6, 2022.
             Got out of the dungeon alive.
             The game lasted 00:00:54 (833 turns).

BritishOli the Trooper (Demonspawn Fighter)          Turns: 833, Time: 00:00:54

Health: 24/24      AC:  6    Str: 16    XL:     2   Next: 0%
Magic:  2/2        EV:  8    Int: 11    God:
Gold:   74         SH:  6    Dex: 12    Spells: 1/1 levels left

rFire   . . .      SeeInvis .    a - +0 long sword
rCold   . . .      Faith    .    h - +2 buckler
rNeg    . . .      Spirit   .    b - +0 scale mail
rPois   .          Reflect  .    (no helmet)
rElec   .          Harm     .    (no cloak)
rCorr   .          Rampage  .    (no gloves)
Will    .....                    (no boots)
Stlth   ..........               (no amulet)
HPRegen 0.08/turn                (no ring)
MPRegen 0.08/turn                (no ring)

@: no status effects
A: big brain 1
a: no special abilities


You escaped.
You visited 1 branch of the dungeon, and saw 1 of its levels.

You collected 74 gold pieces.

Inventory:

Hand Weapons
 a - a +0 long sword (weapon)
Armour
 b - a +0 scale mail (worn)
 h - a +2 buckler (worn)
Scrolls
 e - 3 scrolls of identify {unknown}
 g - a scroll of teleportation {unknown}
Potions
 c - a potion of mutation {unknown}
 d - a potion of might
 f - 2 potions of heal wounds {unknown}


   Skills:
 + Level 3.1 Fighting
 + Level 2.0 Long Blades
 + Level 2.8 Armour
 + Level 2.8 Shields


You had one spell level left.
You didn't know any spells.
Your spell library was empty.

Dungeon Overview and Level Annotations

Branches:
Dungeon (1/15)

Altars:

Shops:
D:1 [*[[(


Innate Abilities, Weirdness & Mutations

You have an unusually large brain. (Int +2)


Message History

A frilled lizard comes into view.
The frilled lizard hisses angrily.
There is an open door here.
The frilled lizard bites you but does no damage.
A frilled lizard is nearby!
You hit the frilled lizard but do no damage.
The frilled lizard closely misses you.
A frilled lizard is nearby!
You hit the frilled lizard.
The frilled lizard is heavily wounded.
The frilled lizard bites you.
You slash the frilled lizard!
You kill the frilled lizard!
You see here a frilled lizard corpse.
You see here a frilled lizard corpse.
You open the door.
There is an open door here.
An endoplasm comes into view.
The endoplasm quivers.
An endoplasm is nearby!
An endoplasm is nearby!
You block the endoplasm's attack.
An endoplasm is nearby!
An endoplasm is nearby!
You hit the endoplasm.
You kill the endoplasm!
Your Long Blades skill increases to level 2!
You have reached level 2!
Your demonic ancestry asserts itself...
Your brain expands.
There is an open door here.
There is a fountain of clear blue water here.
There is an open door here.
As you open the door, it creaks loudly!
There is an open door here.
There is an open door here.
There is an open gate here.
There is a staircase leading out of the dungeon here.
Are you sure you want to leave the Dungeon?
This will make you lose the game!
You have escaped!

#####....#.....#
#...[......#.#
....#....#.....#
#.....>....#.#
....#....#.....#
#............#
....#....####..#
##############
....#########.## #..##
####...# ##'#####....###
.........###############
#.....#..#......@......#
#...#....#.............#
#
#...#....##...#####...##
# #...#.##..#...##
##...# ##
#...#.###.##...# #...##
#. +..##.#
#..#...###...# #.
##.##.# ##.##...#...##
####^ #. #.#
#..#...#...# #.... #.#
#..##.....## #.#..


There were no monsters in sight!

Vanquished Creatures
  A dart slug (D:1)
  An endoplasm (D:1)
  2 giant cockroaches (D:1)
  A frilled lizard (D:1)
  A rat (D:1)
6 creatures vanquished.

Notes
Turn   | Place    | Note
-------+----------+-------------------------------------------
     0 | D:1      | BritishOli the Demonspawn Fighter began the quest for the
                  | Orb.
     0 | D:1      | Reached XP level 1. HP: 18/18 MP: 1/1
   114 | D:1      | Found Dorempu's Antique Armour Shop.
   137 | D:1      | Found Jenidi's Assorted Antiques.
   342 | D:1      | Found Saroz's Armour Emporium.
   389 | D:1      | Found Ycsoczok's Antique Armour Boutique.
   463 | D:1      | Found Hypacw's Weapon Shop.
   485 | D:1      | Found a faded altar of an unknown god.
   672 | D:1      | Gained mutation: You have an unusually large brain. (Int
                  | +2) [demonic ancestry]
   672 | D:1      | Reached XP level 2. HP: 24/24 MP: 2/2
   833 | D:$      | Got out of the dungeon alive.

Illustrated notes

Levels and vault maps discovered:
D:1:      lemuel_arrival_funnel, layout_basic,
          hellmonk_ecumenical_altar_blasted, serial_shops,
          nicolae_shop_hallway_stairs, shop, nicolae_shop_hallway_stairs,
          nicolae_square_shop, nicolae_shop_statue_plus, chequers_jeans,
          grunt_decor_clamped

Skill      XL: |  1 |
---------------+----+-----
Long Blades    | 2 |  2.0
Fighting       | |  3.1
Armour         | |  2.8
Shields        | |  2.8

Action                   || total
-------------------------++-------
Melee: Long sword        ||    13
Armor: Scale mail        ||     7
Dodge: Dodged            ||     3
Block: Buckler           ||     2

Table legend: (Time is in decaauts)
 A = Elapsed time spent in this place.
 B = Non-inter-level travel time spent in this place.
 C = Inter-level travel time spent in this place.
 D = Time resting spent in this place.
 E = Time spent auto-exploring this place.
 F = Levels seen in this place.
 G = Mean time per level.
                   A        B        C        D        E       F      G
               +--------+--------+--------+--------+--------+-----+--------+
         Total |    837 |    678 |    159 |      0 |    603 |   1 |  837.0 |
       Dungeon |    837 |    678 |    159 |      0 |    603 |   1 |  837.0 |
               +--------+--------+--------+--------+--------+-----+--------+

Top non-repeatable levels by time:
     D:1: 837 daAuts
